NYP
SPOKANE INDIANS @ VERMONT LAKE MONSTERS
05/01/2044
 
TOP OF THE 1ST
Spokane Indians batting - Pitching for Vermont Lake Monsters : RHP Jose Navia
Pitching: RHP Jose Navia
Batting: RHB Rodolfo Contreras 0-0: SINGLE (Line Drive, 9S, EV 93.8 MPH)
Batting: RHB Jason Swisher 0-0: Ball
1-0: Ball
2-0: 2-RUN HOME RUN (Line Drive, 9D, EV 96.9 MPH), Distance : 370 ft
Batting: RHB Chance Lamb 0-0: Ball
1-0: Fly out, F8 (Line Drive, 8RD, EV 90.0 MPH)
Batting: RHB Chris Powell 0-0: Ball
1-0: Ball
2-0: Called Strike
2-1: Ball
3-1: Called Strike
3-2: SOLO HOME RUN (Flyball, 78XD, EV 100.6 MPH), Distance : 416 ft
Batting: RHB Justin Aslinger 0-0: DOUBLE (Line Drive, 89M, EV 98.8 MPH)
Batting: RHB Theo van Gent 0-0: Ball
1-0: Foul Ball, location: 2F
1-1: Ball
2-1: Ball
3-1: Ground out U3 (Groundball, 3, EV 103.1 MPH)
Justin Aslinger to third
Batting: LHB Willie Calderon 0-0: Ball
1-0: Ball
2-0: Ball
3-0: Base on Balls
Batting: RHB Adryão Anto 0-0: Called Strike
0-1: Ball
Wild Pitch!
Justin Aslinger scores
Willie Calderon to second
1-1: Called Strike
1-2: Foul Ball, location: 2F
1-2: Foul Ball, location: 2F
1-2: Ball
2-2: Strikes out swinging
Top of the 1st over - 4 runs, 4 hits, 0 errors, 1 left on base; Spokane 4 - Vermont 0
BOTTOM OF THE 1ST
Vermont Lake Monsters batting - Pitching for Spokane Indians : RHP Dan Landry
Pitching: RHP Dan Landry
Batting: RHB Ricardo Mariscal 0-0: Ball
1-0: Called Strike
1-1: SINGLE (Groundball, 23, EV 69.4 MPH) (infield hit)
Batting: RHB Yasuzo Rin 0-0: Called Strike
0-1: Ball
1-1: Ball
2-1: Fly out, F7 (Flyball, 78D, EV 96.2 MPH)
Batting: RHB Dan Boylan 0-0: Ball
Ricardo Mariscal steals 2nd base
1-0: Foul Ball, location: 2F
1-1: Called Strike
1-2: Ball
2-2: Ground out 6-3 (Groundball, 6, EV 83.8 MPH)
Ricardo Mariscal to third
Batting: RHB Matt Black 0-0: Called Strike
0-1: Ball
1-1: Ball
2-1: Ball
3-1: Fly out, F3 (Line Drive, 3, EV 73.1 MPH)
Bottom of the 1st over - 0 runs, 1 hit, 0 errors, 1 left on base; Spokane 4 - Vermont 0
TOP OF THE 2ND
Spokane Indians batting - Pitching for Vermont Lake Monsters : RHP Jose Navia
Batting: RHB Dave Brabo 0-0: Foul Ball, location: 2F
0-1: Ball
1-1: Ball
2-1: Ball
3-1: Base on Balls
Batting: RHB Rodolfo Contreras 0-0: Ball
1-0: Fielders Choice at 2nd, 6-4 (Groundball, 6, EV 97.5 MPH)
Batting: RHB Jason Swisher 0-0: Called Strike
0-1: Called Strike
0-2: Fly out, F3 (Popup, 34S, EV 76.9 MPH)
Batting: RHB Chance Lamb 0-0: Called Strike
0-1: Ball
1-1: Foul Ball, location: 2F
1-2: Ball
2-2: Strikes out looking
Top of the 2nd over - 0 runs, 0 hits, 0 errors, 1 left on base; Spokane 4 - Vermont 0
BOTTOM OF THE 2ND
Vermont Lake Monsters batting - Pitching for Spokane Indians : RHP Dan Landry
Batting: LHB Jose Zamarripa 0-0: Swinging Strike
0-1: Ground out 6-3 (Groundball, 6, EV 80.6 MPH)
Batting: RHB Josh Whaley 0-0: Called Strike
0-1: Foul Ball, location: 2F
0-2: Foul Ball, location: 2F
0-2: Ball
1-2: Ball
2-2: Ball
3-2: Ground out 6-3 (Groundball, 56D, EV 85.0 MPH)
Batting: LHB Youp van Erp 0-0: Ball
1-0: Swinging Strike
1-1: Ball
2-1: Foul Ball, location: 2F
2-2: Ground out 5-3 (Groundball, 15, EV 77.5 MPH)
Bottom of the 2nd over - 0 runs, 0 hits, 0 errors, 0 left on base; Spokane 4 - Vermont 0
TOP OF THE 3RD
Spokane Indians batting - Pitching for Vermont Lake Monsters : RHP Jose Navia
Batting: RHB Chris Powell 0-0: Ground out 5-3 (Groundball, 5, EV 84.4 MPH)
Batting: RHB Justin Aslinger 0-0: Ball
1-0: Ball
2-0: Foul Ball, location: 2F
2-1: Foul Ball, location: 2F
2-2: Ball
3-2: Base on Balls
Batting: RHB Theo van Gent 0-0: Foul Ball, location: 2F
0-1: Swinging Strike
0-2: Ball
Justin Aslinger steals 2nd base (no throw)
1-2: Foul Ball, location: 2F
1-2: Ball
2-2: Ball
3-2: Base on Balls
Batting: LHB Willie Calderon 0-0: Called Strike
Justin Aslinger steals 3rd base
Theo van Gent to second
0-1: Ball
1-1: Ball
2-1: Ball
3-1: SINGLE (Groundball, 56D, EV 99.4 MPH)
Justin Aslinger scores
Theo van Gent to third
Runner from 3rd tries for Home, SAFE, throw by LF to home
Pitching: LHP Umberto van der Vleuten
Batting: RHB Adryão Anto 0-0: Ball
Willie Calderon is caught stealing 2nd base 2-4
1-0: Ball
2-0: Ball
3-0: Base on Balls
Batting: RHB Dave Brabo 0-0: Called Strike
Adryão Anto steals 2nd base
0-1: Ball
1-1: Ball
2-1: Ground out U3 (Groundball, 34, EV 97.5 MPH)
Top of the 3rd over - 2 runs, 1 hit, 0 errors, 1 left on base; Spokane 6 - Vermont 0
BOTTOM OF THE 3RD
Vermont Lake Monsters batting - Pitching for Spokane Indians : RHP Dan Landry
Batting: RHB Jose Esquivel 0-0: Ball
1-0: Swinging Strike
1-1: Foul Ball, location: 2F
1-2: Foul Ball, location: 2F
1-2: Strikes out looking
Batting: RHB Manny Santos 0-0: Called Strike
0-1: Swinging Strike
0-2: Ball
1-2: Foul Ball, location: 2F
1-2: Foul Ball, location: 2F
1-2: DOUBLE (Groundball, 5L, EV 100.6 MPH)
Batting: RHB Ricardo Mariscal 0-0: Ground out U3 (Groundball, 34S, EV 67.5 MPH)
Manny Santos to third
Batting: RHB Yasuzo Rin 0-0: Foul Ball, location: 2F
0-1: Fly out, F4 (Line Drive, 4, EV 71.2 MPH)
Bottom of the 3rd over - 0 runs, 1 hit, 0 errors, 1 left on base; Spokane 6 - Vermont 0
TOP OF THE 4TH
Spokane Indians batting - Pitching for Vermont Lake Monsters : LHP Umberto van der Vleuten
Batting: RHB Rodolfo Contreras 0-0: Called Strike
0-1: Ball
1-1: Swinging Strike
1-2: Hit by Pitch
Batting: RHB Jason Swisher 0-0: Called Strike
0-1: Foul Ball, location: 2F
0-2: Ground out 5-3 (Groundball, 56, EV 94.4 MPH)
Rodolfo Contreras to second
Batting: RHB Chance Lamb 0-0: Ball
Rodolfo Contreras steals 3rd base
1-0: Swinging Strike
1-1: Ball
2-1: Ground out 5-3 (Groundball, 5L, EV 106.2 MPH)
Batting: RHB Chris Powell 0-0: Foul Ball, location: 2F
0-1: Ball
1-1: Fly out, F7 (Line Drive, 7D, EV 95.0 MPH)
Top of the 4th over - 0 runs, 0 hits, 0 errors, 1 left on base; Spokane 6 - Vermont 0
BOTTOM OF THE 4TH
Vermont Lake Monsters batting - Pitching for Spokane Indians : RHP Dan Landry
Batting: RHB Dan Boylan 0-0: Called Strike
0-1: Ball
1-1: Ball
2-1: Ground out 6-3 (Groundball, 6, EV 86.9 MPH)
Batting: RHB Matt Black 0-0: Called Strike
0-1: Ball
1-1: Called Strike
1-2: Foul Ball, location: 2F
1-2: Ball
2-2: Fly out, F4 (Popup, 4, EV 71.2 MPH)
Batting: LHB Jose Zamarripa 0-0: Swinging Strike
0-1: Called Strike
0-2: Foul Ball, location: 2F
0-2: SINGLE (Groundball, 34S, EV 71.2 MPH) (infield hit)
Batting: RHB Josh Whaley 0-0: Ball
1-0: Called Strike
1-1: Foul Ball, location: 2F
1-2: Fielders Choice at 2nd, 6-4 (Groundball, 6, EV 102.5 MPH)
Bottom of the 4th over - 0 runs, 1 hit, 0 errors, 1 left on base; Spokane 6 - Vermont 0
TOP OF THE 5TH
Spokane Indians batting - Pitching for Vermont Lake Monsters : LHP Umberto van der Vleuten
Batting: RHB Justin Aslinger 0-0: Ball
1-0: Called Strike
1-1: Swinging Strike
1-2: Ball
2-2: Ball
3-2: Foul Ball, location: 2F
3-2: Hit by Pitch
Batting: RHB Theo van Gent 0-0: Ball
Justin Aslinger steals 2nd, throwing error, E2
Justin Aslinger to third
1-0: Swinging Strike
1-1: Ball
2-1: Ball
3-1: Called Strike
3-2: Base on Balls
Pitching: LHP David Arnold
Batting: LHB Willie Calderon 0-0: Swinging Strike
0-1: Ball
1-1: Fly out, F9 (Flyball, 9D, EV 106.2 MPH)
Runner from 3rd tags up, SCORES, throw by RF
Batting: RHB Adryão Anto 0-0: Ball
1-0: Ball
2-0: Foul Ball, location: 2F
2-1: Foul Ball, location: 2F
2-2: Foul Ball, location: 2F
2-2: Ball
3-2: Fielders Choice at 2nd, 5-4 (Groundball, 56S, EV 89.4 MPH)
Batting: RHB Dave Brabo 0-0: Ball
1-0: Ground out U3 (Groundball, 3, EV 106.9 MPH)
Top of the 5th over - 1 run, 0 hits, 1 error, 1 left on base; Spokane 7 - Vermont 0
BOTTOM OF THE 5TH
Vermont Lake Monsters batting - Pitching for Spokane Indians : RHP Dan Landry
Batting: LHB Youp van Erp 0-0: Ball
1-0: Ball
2-0: Swinging Strike
2-1: Ball
3-1: Foul Ball, location: 2F
3-2: Fly out, F5 (Flyball, 5D, EV 97.5 MPH)
Batting: RHB Jose Esquivel 0-0: DOUBLE (Line Drive, 89D, EV 111.2 MPH)
Batting: RHB Manny Santos 0-0: Called Strike
0-1: Ball
Wild Pitch!
Jose Esquivel to third
1-1: Foul Ball, location: 2F
1-2: Ball
2-2: Strikes out swinging
Batting: RHB Ricardo Mariscal 0-0: Ball
1-0: Fly out, F8 (Line Drive, 8LM, EV 102.5 MPH)
Bottom of the 5th over - 0 runs, 1 hit, 0 errors, 1 left on base; Spokane 7 - Vermont 0
TOP OF THE 6TH
Spokane Indians batting - Pitching for Vermont Lake Monsters : LHP David Arnold
Batting: RHB Rodolfo Contreras 0-0: Called Strike
0-1: Ball
1-1: Swinging Strike
1-2: Ball
2-2: Ball
3-2: Base on Balls
Batting: RHB Jason Swisher 0-0: Called Strike
0-1: Swinging Strike
0-2: Ball
1-2: Ball
2-2: Ball
3-2: Fly out, F8 (Line Drive, 8RD, EV 88.1 MPH)
Pitching: RHP Gustavo Robles
Batting: RHB Chance Lamb 0-0: Ball
1-0: Called Strike
1-1: Ball
Rodolfo Contreras steals 2nd base (no throw)
2-1: Foul Ball, location: 2F
2-2: Ground out 6-3 (Groundball, 6, EV 78.8 MPH)
Rodolfo Contreras to third
Batting: RHB Chris Powell 0-0: Ball
1-0: Hit by Pitch
Batting: RHB Justin Aslinger 0-0: Called Strike
0-1: Fielders Choice at 2nd, 6-4 (Groundball, 6, EV 90.0 MPH)
Top of the 6th over - 0 runs, 0 hits, 0 errors, 2 left on base; Spokane 7 - Vermont 0
BOTTOM OF THE 6TH
Vermont Lake Monsters batting - Pitching for Spokane Indians : RHP Dan Landry
Batting: RHB Yasuzo Rin 0-0: Ball
1-0: Fly out, F4 (Line Drive, 4, EV 63.1 MPH)
Batting: RHB Dan Boylan 0-0: Ball
1-0: SINGLE (Groundball, 6MD, EV 103.1 MPH)
Batting: RHB Matt Black 0-0: Ball
Dan Boylan steals 2nd base
1-0: Called Strike
Dan Boylan steals 3rd base (no throw)
1-1: Ball
2-1: Ground out 6-3 (Groundball, 6, EV 92.5 MPH)
Dan Boylan scores
Batting: LHB Jose Zamarripa 0-0: Ground out 6-3 (Groundball, 6D, EV 98.1 MPH)
Bottom of the 6th over - 1 run, 1 hit, 0 errors, 0 left on base; Spokane 7 - Vermont 1
TOP OF THE 7TH
Spokane Indians batting - Pitching for Vermont Lake Monsters : RHP Gustavo Robles
Batting: RHB Theo van Gent 0-0: Called Strike
0-1: Foul Ball, location: 2F
0-2: Fly out, F4 (Line Drive, 4, EV 69.4 MPH)
Batting: LHB Willie Calderon 0-0: Foul Ball, location: 2F
0-1: Hit by Pitch
Batting: RHB Adryão Anto 0-0: Ball
1-0: Ball
Willie Calderon is caught stealing 2nd base 2-4
2-0: Foul Ball, location: 2F
2-1: Ball
3-1: Base on Balls
Batting: RHB Dave Brabo 0-0: Ball
Adryão Anto steals 2nd base
1-0: Called Strike
1-1: Ground out 5-3 (Groundball, 56, EV 86.9 MPH)
Top of the 7th over - 0 runs, 0 hits, 0 errors, 1 left on base; Spokane 7 - Vermont 1
BOTTOM OF THE 7TH
Vermont Lake Monsters batting - Pitching for Spokane Indians : RHP Dan Landry
Batting: RHB Josh Whaley 0-0: Foul Ball, location: 2F
0-1: Foul Ball, location: 2F
0-2: Ball
1-2: Strikes out looking
Batting: LHB Youp van Erp 0-0: Called Strike
0-1: Foul Ball, location: 2F
0-2: Ball
1-2: Strikes out swinging, 2-3 out at first.
Batting: RHB Jose Esquivel 0-0: Foul Ball, location: 2F
0-1: Foul Ball, location: 2F
0-2: Ball
1-2: Ball
2-2: Ground out 5-3 (Groundball, 56S, EV 85.6 MPH)
Bottom of the 7th over - 0 runs, 0 hits, 0 errors, 0 left on base; Spokane 7 - Vermont 1
TOP OF THE 8TH
Spokane Indians batting - Pitching for Vermont Lake Monsters : RHP Gustavo Robles
Batting: RHB Rodolfo Contreras 0-0: Ball
1-0: Ball
2-0: Ball
3-0: Base on Balls
Pitching: RHP Hisatada Sekiguchi
Batting: RHB Jason Swisher 0-0: Called Strike
0-1: Ball
1-1: Foul Ball, location: 2F
1-2: 2-RUN HOME RUN (Flyball, 8LXD, EV 110.6 MPH), Distance : 431 ft
Pinch Hitting: RHB Jason Sher 0-0: Ball
1-0: Called Strike
1-1: Ball
2-1: Ground out 5-3 (Groundball, 56, EV 78.8 MPH)
Batting: RHB Chris Powell 0-0: Ball
1-0: Ball
2-0: Ball
3-0: Called Strike
3-1: Hit by Pitch
Pinch Hitting: RHB Jose Guerrero 0-0: Called Strike
0-1: Ball
1-1: Ball
2-1: Swinging Strike
2-2: Foul Ball, location: 2F
2-2: Foul Ball, location: 2F
2-2: Strikes out swinging
Batting: RHB Theo van Gent 0-0: Ball
1-0: Ball
2-0: Ball
3-0: Base on Balls
Chris Powell to second
Batting: LHB Willie Calderon 0-0: Ball
1-0: Ball
2-0: 3-RUN HOME RUN (Flyball, 9D, EV 98.1 MPH), Distance : 379 ft
Pitching: RHP Jalen Cobbins
Batting: RHB Adryão Anto 0-0: Ball
1-0: Fly out, F9 (Flyball, 89D, EV 103.8 MPH)
Top of the 8th over - 5 runs, 2 hits, 0 errors, 0 left on base; Spokane 12 - Vermont 1
BOTTOM OF THE 8TH
Vermont Lake Monsters batting - Pitching for Spokane Indians : RHP Dan Landry
Now at 2B: Jason Sher
Now at 3B: Jose Guerrero
Batting: RHB Manny Santos 0-0: Ball
1-0: Ball
2-0: Foul Ball, location: 2F
2-1: Fly out, F8 (Line Drive, 8RM, EV 98.1 MPH)
Pitching: LHP Alpo Pertusov
Pinch Hitting: RHB Ricardo Claros 0-0: Ball
1-0: Foul Ball, location: 2F
1-1: Swinging Strike
1-2: Ball
2-2: Fly out, F9 (Line Drive, 9S, EV 106.9 MPH)
Batting: RHB Yasuzo Rin 0-0: Ball
1-0: Foul Ball, location: 2F
1-1: Ball
2-1: Called Strike
2-2: Ball
3-2: Base on Balls
Batting: RHB Dan Boylan 0-0: Ball
1-0: Called Strike
1-1: Ball
2-1: Fielders Choice at 2nd, U4 (Groundball, 4M, EV 99.4 MPH)
Bottom of the 8th over - 0 runs, 0 hits, 0 errors, 1 left on base; Spokane 12 - Vermont 1
TOP OF THE 9TH
Spokane Indians batting - Pitching for Vermont Lake Monsters : RHP Jalen Cobbins
Now in RF: Ricardo Claros
Pinch Hitting: LHB Franklin Quezada 0-0: Ball
1-0: Ball
2-0: Ball
3-0: Called Strike
3-1: Ground out 1-3 (Groundball, 25, EV 74.4 MPH)
Pinch Hitting: RHB Joe Kemp 0-0: Ball
1-0: SINGLE (Flyball, 34D, EV 87.5 MPH)
Batting: RHB Jason Swisher 0-0: Called Strike
0-1: Foul Ball, location: 2F
0-2: Ball
1-2: Strikes out swinging
Pinch Hitting: RHB Jerry Garcez 0-0: Ball
1-0: Swinging Strike
1-1: Fly out, F7 (Flyball, 78D, EV 95.0 MPH)
Top of the 9th over - 0 runs, 1 hit, 0 errors, 1 left on base; Spokane 12 - Vermont 1
BOTTOM OF THE 9TH
Vermont Lake Monsters batting - Pitching for Spokane Indians : LHP Alpo Pertusov
Now at 2B: Akira Yamano
Now at SS: Jerry Garcez
Now in CF: Joe Kemp
Pinch Hitting: RHB Fu-quan Xiang 0-0: Ball
1-0: Ball
2-0: Called Strike
2-1: Swinging Strike
2-2: Ball
3-2: Base on Balls
Batting: LHB Jose Zamarripa 0-0: Ball
1-0: Foul Ball, location: 2F
1-1: Called Strike
1-2: Foul Ball, location: 2F
1-2: Strikes out swinging
Batting: RHB Josh Whaley 0-0: Ball
1-0: Called Strike
1-1: DOUBLE (Line Drive, 9LD, EV 103.8 MPH)
Fu-quan Xiang to third
Pinch Hitting: LHB Rob Davis 0-0: Called Strike
0-1: Called Strike
0-2: Ground out 5-3 (Groundball, 56, EV 107.5 MPH)
Fu-quan Xiang scores
Batting: RHB Jose Esquivel 0-0: Called Strike
0-1: Called Strike
0-2: Ground out 6-3 (Groundball, 6, EV 78.8 MPH)
Bottom of the 9th over - 1 run, 1 hit, 0 errors, 1 left on base; Spokane 12 - Vermont 2
Thursday, March 31st , 2022 - OOTP Baseball 22.12 Build 89